AoeStats
← ReverendGabo19

Black Forest

506591117Analyzed
2v2 RM · 18d ago on Sep 14, 2026· 143m 39s· 4 players
Game mode
Random Map
Map size
Medium (4 player)
Population
200
Speed
Normal
Resources
Standard
Victory
Conquest
Starting age
Dark Age
Ending age
Imperial Age
RankedLock teamsTeams togetherTeam positionsShared explorationLock speedFull tech treeHidden civsTurbo modeCheats
Victory
Defeat
🇨🇳 Britons · China
704
+9
583
+14
🇺🇸 Persians · United States
551
-12
🇲🇽 Malians · Mexico
541
-11
ReverendGabo19
3:29 Loom
15:16 Feudal Age
16:42 Wheelbarrow
16:23 Horse Collar
19:43 Double-Bit Axe
21:01 Gold Mining
21:12 Stone Mining
29:57 Castle Age
28:12 Bloodlines
30:01 Forging
29:54 Scale Mail Armor
30:00 Scale Barding Armor
30:09 Town Watch
30:42 Padded Archer Armor
31:00 Bow Saw
31:54 Squires
31:59 Light Cavalry
33:23 Iron Casting
35:09 Hand Cart
38:30 Stone Shaft Mining
38:31 Gold Shaft Mining
37:39 Pikeman
40:55 Ballistics
40:31 Murder Holes
40:48 Masonry
44:37 Imperial Age
43:55 Chain Barding Armor
43:23 Treadmill Crane
43:37 Guard Tower
44:02 Caravan
44:35 Husbandry
45:20 Sappers
49:26 Chemistry
48:57 Architecture
48:40 Fortified Wall
48:28 Heated Shot
48:21 Cavalier
50:22 Elite Gbeto
52:08 Heavy Camel Rider
56:08 Elite Gbeto
59:51 Town Patrol
83:01 Tigui
83:53 Conscription
86:14 Herbal Medicine
88:24 Elite Skirmisher
89:19 Thumb Ring
89:29 Thumb Ring
95:17 Fortified Wall
95:29 Arson
97:15 Capped Ram
101:54 Onager
105:29 Thumb Ring
122:03 Heavy Cavalry Archer
134:19 Coinage
M0309Papa
0:27 Loom
16:21 Feudal Age
16:41 Horse Collar
16:49 Double-Bit Axe
17:41 Wheelbarrow
16:51 Town Watch
17:01 Stone Mining
18:19 Gold Mining
19:54 Fletching
29:39 Castle Age
29:08 Forging
29:04 Scale Barding Armor
30:23 Hand Cart
30:11 Heavy Plow
30:51 Stone Shaft Mining
30:55 Gold Shaft Mining
30:32 Bow Saw
35:18 Caravan
36:12 Chain Barding Armor
36:16 Masonry
36:31 Ballistics
38:33 Bodkin Arrow
39:14 Iron Casting
38:34 Guard Tower
43:30 Imperial Age
42:35 Husbandry
44:16 Conscription
44:08 Citadels
44:34 Hoardings
43:26 Cavalier
44:46 Plate Barding Armor
46:44 Chemistry
46:16 Architecture
47:17 Town Patrol
47:10 Savar
49:22 Guilds
51:03 Crop Rotation
51:25 Coinage
51:01 Onager
52:53 Banking
53:48 Blast Furnace
56:06 Two-Man Saw
62:56 Elite War Elephant
134:58 Padded Archer Armor
135:00 Scale Mail Armor
135:01 Murder Holes
牛人玩牛牛游!
11:38 Feudal Age
13:13 Wheelbarrow
12:27 Double-Bit Axe
15:56 Horse Collar
21:57 Castle Age
20:48 Gold Mining
20:50 Stone Mining
21:34 Padded Archer Armor
21:25 Fletching
21:17 Man-at-Arms
22:28 Elite Skirmisher
26:30 Hand Cart
26:44 Pikeman
27:44 Heavy Plow
29:23 Gold Shaft Mining
29:23 Stone Shaft Mining
29:53 Bow Saw
32:56 Husbandry
33:07 Bloodlines
32:30 Crossbowman
33:15 Thumb Ring
38:16 Imperial Age
36:52 Ballistics
36:43 Squires
37:42 Grand Trunk Road
38:25 Caravan
39:29 Conscription
39:26 Shatagni
41:39 Two-Man Saw
42:11 Chemistry
41:41 Heavy Camel Rider
46:04 Imperial Camel Rider
62:05 Hoardings
81:51 Light Cavalry
92:10 Hussar
116:58 Onager
132:22 Siege Elephant
centaurea
7:11 Loom
12:10 Feudal Age
13:01 Double-Bit Axe
16:06 Horse Collar
24:30 Castle Age
25:08 Stone Mining
29:28 Wheelbarrow
29:14 Heavy Plow
30:48 Fletching
30:59 Padded Archer Armor
31:45 Gold Mining
32:38 Hand Cart
32:12 Town Watch
33:27 Gold Shaft Mining
34:00 Pikeman
34:54 Town Patrol
36:30 Yeomen
37:02 Leather Archer Armor
38:07 Bodkin Arrow
41:41 Imperial Age
42:14 Forging
42:04 Scale Mail Armor
41:42 Halberdier
42:28 Caravan
42:57 Elite Longbowman
44:20 Iron Casting
44:01 Chain Mail Armor
45:05 Warwolf
46:15 Bow Saw
47:39 Bracer
48:10 Ring Archer Armor
48:40 Blast Furnace
48:11 Plate Mail Armor
62:48 Ballistics
62:42 Masonry
88:27 Squires
90:41 Architecture
91:17 Chemistry
91:02 Hoardings
99:40 Scale Barding Armor
118:34 Chain Barding Armor
130:36 Plate Barding Armor
130:47 Light Cavalry
131:30 Husbandry
Connection lost

Rejoining the realm…

Still unreachable

The connection could not be restored.

Session expired

The server has moved on; the page needs a fresh start.